 Dungeon Crawl Stone Soup version 0.28.0-53-g5a82cb258f (webtiles) character file.

Game seed: 14635562310151316119

3047 Cape the Protected (level 9, -3/118 HPs)
             Began as a Minotaur Berserker on Aug 9, 2022.
             Was an Elder of Trog.
             Shot with a sling bullet by Joseph (7 damage)
             ... on level 7 of the Dungeon.
             The game lasted 00:25:14 (8000 turns).

Cape the Protected (Minotaur Berserker)             Turns: 8000, Time: 00:25:16

Health: -3/118     AC: 21    Str: 26    XL:     9   Next: 56%
Magic:  8/8        EV:  7    Int:  4    God:    Trog [****..]
Gold:   30         SH:  7    Dex: 10    Spells: 8/8 levels left

rFire   + . .      SeeInvis .   F - +3 mace
rCold   + . .      Faith    .   E - +0 kite shield
rNeg    . . .      Spirit   .   s - +3 plate armour
rPois   +          Reflect  .   (helmet restricted)
rElec   +          Harm     .   n - +1 cloak
rCorr   +          Rampage  .   p - +0 pair of gloves
Will    .....                   (no boots)
Stlth   ..........              (no amulet)
HPRegen 0.29/turn               (no ring)
MPRegen 0.11/turn               (no ring)

@: berserking, resistant, very quick
A: horns 2, retaliatory headbutt
a: Renounce Religion, Berserk, Trog's Hand, Brothers in Arms


You were on level 7 of the Dungeon.
You worshipped Trog.
Trog was greatly pleased with you.
You visited 1 branch of the dungeon, and saw 7 of its levels.

You collected 430 gold pieces.
You spent 400 gold pieces at shops.

Inventory:

Hand Weapons
 a - a +0 hand axe
 F - a +3 mace (weapon)
Missiles
 o - 7 boomerangs (quivered)
Armour
 n - a +1 cloak (worn)
 p - a +0 pair of gloves (worn)
 s - a +3 plate armour (worn)
 E - a +0 kite shield (worn)
Jewellery
 g - a +6 ring of intelligence
 u - a ring of ice
 A - a ring of see invisible
Wands
 c - a wand of digging (2)
 q - a wand of polymorph (1)
 w - a wand of iceblast (7)
 y - a wand of mindburst (13)
Scrolls
 e - a scroll of summoning
 i - a scroll of blinking
 r - a scroll of teleportation
 C - a scroll of vulnerability
 D - a scroll of noise
 G - a scroll of enchant weapon
Potions
 d - 2 potions of degeneration
 j - a potion of mutation
 t - 2 potions of attraction
 v - a potion of lignification
 x - a potion of flight {unknown}
 z - a potion of magic {unknown}
 B - a potion of haste {unknown}


   Skills:
 + Level 7.6 Fighting
 - Level 9.2(9.4) Axes
 * Level 2.6(6.4) Maces & Flails
 * Level 9.3 Armour
 + Level 6.4 Dodging
 * Level 2.6 Shields


You had 8 spell levels left.
You didn't know any spells.
Your spell library was empty.

Dungeon Overview and Level Annotations

Branches:
Dungeon (7/15)             Temple (0/1) D:7

Altars:
Okawaru
Ru
Sif Muna
Uskayaw

Shops:
D:6 ?

Annotations:
D:7 Joseph


Innate Abilities, Weirdness & Mutations

You have a pair of horns on your head.
You reflexively headbutt those who attack you in melee.


Message History

Joseph hits you but does no damage.
The killer bee stings you but does no damage.
You closely miss the killer bee.
The killer bee is almost dead.
You feel sick.
You are no longer poisoned.
The killer bee stings you but does no damage.
You block the killer bee's attack. You block Joseph's attack.
A red film seems to cover your vision as you go berserk!
You feel yourself moving faster!
You feel mighty! You block the killer bee's attack.
The killer bee completely misses you. You furiously retaliate!
You headbutt the killer bee!!
You kill the killer bee!
Trog accepts your kill. You block Joseph's attack.
You feel a strong urge to attack something.
The killer bee closely misses you. You furiously retaliate!
You headbutt the killer bee!!
You kill the killer bee!
Trog accepts your kill. The killer bee barely misses you.
Things that are here:
a killer bee corpse; a killer bee corpse You bludgeon the killer bee!!
You kill the killer bee!
Trog accepts your kill.
Joseph unwields a +0 quarterstaff.
Joseph wields a +0 hunting sling.
Joseph shoots a sling bullet.
You block the sling bullet.
You completely miss the centaur warrior zombie.
Joseph shoots a sling bullet.
The sling bullet hits you but does no damage.
The centaur warrior zombie hits you but does no damage.
The centaur warrior zombie kicks you but does no damage.
You sock the centaur warrior zombie!
The centaur warrior zombie is lightly damaged.
The centaur warrior zombie hits you!
* * * LOW HITPOINT WARNING * * *
The centaur warrior zombie kicks you but does no damage.
Joseph shoots a sling bullet.
The sling bullet hits you!
You die...

########### #.........#
#.........# .
#.........# ...
.........# ####
.....#######K....####...
...>..Z@.@KKK....'..))..
.....#######K....####...
..# #.....#...###
##'####... #K# #... #
#K# #... #. #'# .... ..


KK. #.... 8. #.K.. . You could see Joseph, a kobold brigand, a centaur warrior
zombie and 4 kobolds.

Vanquished Creatures
  A troll (D:5)
  Sigmund (D:4)
  A basilisk (D:7)
  Edmund (D:5)
  A water moccasin (D:7)
  Duvessa (D:4)
  An orc warrior (D:6)
  A centaur (D:5)
  2 bullfrogs
  A gnoll sergeant (D:5)
  A wyvern zombie (D:6)
  A scorpion (D:6)
  5 water moccasin zombies
  Dowan (D:4)
  6 killer bees (D:7)
  2 water moccasin skeletons (D:4)
  4 wights (D:6)
  2 centaur zombies
  A gnoll shaman (D:7)
  A jelly (D:2)
  4 orc priests
  2 hounds
  A centaur skeleton (D:5)
  3 iguanas
  4 orc wizards
  A killer bee zombie (D:6)
  A hound zombie (D:4)
  2 howler monkey zombies
  3 howler monkey skeletons
  8 gnolls
  8 adders
  A white imp (D:7)
  An adder zombie (D:4)
  5 adder skeletons
  5 worms
  3 dart slugs
  26 orcs
  5 endoplasms
  A giant cockroach (D:3)
  8 goblins
  9 hobgoblins
  6 jackals
  11 kobolds
  3 quokkas
  3 ball pythons
  10 bats
  2 frilled lizards (D:2)
  3 rats
174 creatures vanquished.

Vanquished Creatures (others)
  2 withered plants (D:4)
2 creatures vanquished.

Grand Total: 176 creatures vanquished

Notes
Turn   | Place    | Note
-------+----------+-------------------------------------------
     0 | D:1      | Cape the Minotaur Berserker began the quest for the Orb.
     0 | D:1      | Reached XP level 1. HP: 19/19 MP: 0/0
   343 | D:1      | Reached XP level 2. HP: 27/27 MP: 1/1
   361 | D:1      | Found a faded altar of an unknown god.
   966 | D:2      | Reached XP level 3. HP: 12/33 MP: 2/2
  1472 | D:2      | Reached XP level 4. HP: 33/41 MP: 3/3
  1628 | D:2      | Reached ** piety under Trog
  1922 | D:2      | Found a hide-covered altar of Uskayaw.
  2474 | D:3      | Reached XP level 5. HP: 46/47 MP: 4/4
  2762 | D:3      | Reached skill level 5 in Axes
  3186 | D:4      | Noticed Sigmund
  3208 | D:4      | Killed Sigmund
  3209 | D:4      | Reached skill level 5 in Fighting
  3209 | D:4      | Reached XP level 6. HP: 53/56 MP: 5/5
  3381 | D:4      | Reached skill level 5 in Armour
  3489 | D:4      | Reached *** piety under Trog
  3623 | D:4      | Reached XP level 7. HP: 56/61 MP: 6/6
  3718 | D:4      | Noticed Duvessa
  3718 | D:4      | Noticed Dowan
  3730 | D:4      | Killed Duvessa
  3744 | D:4      | Killed Dowan
  4164 | D:4      | Found a shimmering blue altar of Sif Muna.
  4328 | D:5      | Entered Level 5 of the Dungeon
  4345 | D:4      | Reached XP level 8. HP: 55/70 MP: 7/7
  4438 | D:5      | Reached skill level 5 in Dodging
  5057 | D:5      | Noticed Edmund
  5057 | D:5      | Noticed a troll
  5063 | D:5      | Killed a troll
  5069 | D:5      | Killed Edmund
  5069 | D:5      | Reached **** piety under Trog
  6103 | D:6      | Reached XP level 9. HP: 62/79 MP: 8/8
  6186 | D:6      | Found Cefrieviy's Magic Scroll Boutique.
  6315 | D:6      | Found an iron altar of Okawaru.
  6576 | D:6      | Found a sacrificial altar of Ru.
  7444 | D:6      | Bought 2 scrolls of identify for 44 gold pieces
  7444 | D:6      | Bought a scroll of identify for 22 gold pieces
  7444 | D:6      | Bought a scroll of enchant weapon for 82 gold pieces
  7444 | D:6      | Bought a scroll of identify for 22 gold pieces
  7444 | D:6      | Bought a scroll of identify for 22 gold pieces
  7444 | D:6      | Bought a scroll of identify for 22 gold pieces
  7444 | D:6      | Bought a scroll of enchant armour for 82 gold pieces
  7444 | D:6      | Bought a scroll of identify for 22 gold pieces
  7444 | D:6      | Bought a scroll of enchant armour for 82 gold pieces
  7563 | D:7      | Reached skill level 1 in Maces & Flails
  7563 | D:7      | Reached skill level 1 in Shields
  7794 | D:7      | Found a staircase to the Ecumenical Temple.
  7926 | D:7      | Noticed Joseph
  8000 | D:7      | HP: 4/118 [centaur warrior zombie (7)]
  8000 | D:7      | Shot with a sling bullet by Joseph

Illustrated notes

Levels and vault maps discovered:
D:1:      wander_arrival_fairy_ring, layout_basic,
          shapermc_ecumenical_altar_mp_vishouse
D:2:      cheibrodos_helix_gallery, layout_loops_ring, basic_altar,
          minmay_misc_feat_five, minmay_liquid_box
D:3:      layout_rooms, hangedman_decor_clover_reticule,
          minmay_increasing_density
D:4:      corexii_shack_village, layout_loops_ring, kennysheep_orc_sif_temple,
          serial_undead, serial_undead_e, serial_undead_c, serial_undead_f,
          serial_undead_f, serial_undead_c, serial_undead_f, serial_undead_b,
          serial_undead_d, uniq_sigmund, uniq_duvessa
D:5:      layout_basic, serial_corexii_hall, chequers_hall_statues_corner_a,
          chequers_hall_statues_y, grunt_ministairs_7, uniq_edmund
D:6:      layout_rooms, lemuel_tele_altar, kennysheep_little_box, serial_shops,
          nicolae_shop_stone, roderic_lattice_a, chequers_jeans,
          corexii_corridor_pit
D:7:      layout_basic, mainiacjoe_overflow_six_doors_small,
          minmay_temple_entry_statues_pillars, uniq_joseph, uniq_pikel

Skill      XL: |  1  2  3  4  5  6  7  8  9 |
---------------+----------------------------+-----
Fighting       | 4 5 6 7 |  7.6
Axes           | 4 5 6 7 8 9 |  9.2
Armour         | 3 4 5 6 8 9 |  9.3
Dodging        | 3 4 5 6 |  6.4
Maces & Flails | 2 |  2.6
Shields        | 2 |  2.6

Action                   |  1- 3 |  4- 6 |  7- 9 || total
-------------------------+-------+-------+-------++-------
Melee: Hand axe          |    75 |   180 |   280 ||   535
       Headbutt          |    13 |    29 |    70 ||   112
       Punch             |       |     1 |       ||     1
       Mace              |       |       |    69 ||    69
Throw: Stone             |     1 |       |       ||     1
       Boomerang         |       |       |     3 ||     3
Invok: Berserk           |       |     1 |     6 ||     7
       Trog's Hand       |       |       |     1 ||     1
Evoke: Wand              |       |       |     2 ||     2
  Use: Scroll            |       |       |    14 ||    14
       Potion            |       |       |     4 ||     4
Armor: Animal skin       |     1 |       |       ||     1
       Ring mail         |    28 |    23 |       ||    51
       Chain mail        |       |    52 |       ||    52
       Plate armour      |       |     6 |   262 ||   268
Dodge: Dodged            |    41 |    92 |   138 ||   271
Block: Buckler           |       |    10 |    23 ||    33
       Kite shield       |       |       |    59 ||    59
